 Dungeon Crawl Stone Soup version 0.26-b1-57-gb162d0664a (webtiles) character file.

Game seed: 12052237295689436373

7 Goreval the Sneak (level 1, -4/19 (20) HPs)
             Began as a Palentonga Delver on Jan 8, 2021.
             Slain by a wight
             ... wielding a +4 mace
              (13 damage)
             ... on level 6 of the Dungeon.
             The game lasted 00:01:34 (127 turns).

Goreval the Sneak (Palentonga Delver)                Turns: 127, Time: 00:01:35

HP:   -4/19 (20)    AC:  4    Str: 15    XL:     1   Next: 91%
MP:   1/1           EV:  9    Int: 10    God:
Gold: 9             SH:  0    Dex: 11    Spells: 0/0 levels left

rFire    . . .     SeeInvis +   a - +0 hand axe
rCold    . . .     Faith    .   (no shield)
rNeg     . . .     Spirit   .   b - +0 leather armour
rPois    .         Reflect  .   (no helmet)
rElec    .         Harm     .   (no cloak)
rCorr    .         Rampage  .   (no gloves)
Will     .....                  (no barding)
Stlth    ++........             (no amulet)
HPRegen  0.06/turn              (no ring)
MPRegen  0.07/turn              (no ring)

@: drained
A: large, rugged brown scales 3, see invisible, deformed body, roll 1, armoured
tail
a: Rolling Charge


You were on level 6 of the Dungeon.
You visited 1 branch of the dungeon, and saw 2 of its levels.

You collected 9 gold pieces.

Inventory:

Hand Weapons
 a - a +0 hand axe (weapon)
Missiles
 h - 11 stones
Armour
 b - a +0 leather armour (worn)
Wands
 g - a wand of digging (2)
Scrolls
 c - a scroll of fog
 d - a scroll of magic mapping
Potions
 f - a potion of haste


   Skills:
 + Level 3.0 Fighting
 + Level 2.0 Axes
 + Level 1.6 Dodging
 + Level 3.6 Stealth


You couldn't memorise any spells.
You didn't know any spells.
Your spell library was empty.

Dungeon Overview and Level Annotations

Branches:
Dungeon (6/15)
 Temple: D:4-7

Altars:

Annotations:
D:5 Grinder


Innate Abilities, Weirdness & Mutations

You are completely covered in rugged brown scales. (AC +3, +7% HP)
You have supernaturally acute eyesight. (SInv)
Armour fits poorly on your strangely shaped body.
You can roll at nearby foes to attack.
You have a long armoured tail.


Message History

A wight comes into view. It is wielding a +2 battleaxe.
Unknown command.
Okay, then.
Okay, then.
As you read the scroll of fear, it crumbles to dust.
You assume a fearsome visage.
The orc wizard looks frightened!
The wight is unaffected.
The wight is unaffected.
The wight is unaffected.
The wight is unaffected.
The wight closely misses you.
The orc wizard gestures at itself while chanting.
The orc wizard flickers and vanishes for a moment.
Okay, then.
You can't see that place.
The rock shatters into small pieces.
The wight hits you with a +5 scimitar.
You feel drained. The wight hits you with a +4 mace!
Ouch! That really hurt!
You die...

#(... ≈≈ #....
#.# #...# ...
#...# ...
#...##.# #...#.#
.####.z..#
....z.z@°###
##.##z##.l.####
.. ###....#
#...#. #....# #.
#...##.l#.#####
..
#..........o...#
.
..............<#
.##.#.###......#
# #.###..#...#..


You could see an iguana, 4 wights and an orc wizard (invisible, fleeing).

Vanquished Creatures
  A shadow imp (D:6)
1 creature vanquished.

Vanquished Creatures (others)
  12 fungi (D:6)
12 creatures vanquished.

Grand Total: 13 creatures vanquished

Notes
Turn   | Place    | Note
-------+----------+-------------------------------------------
     0 | D:5      | Goreval the Palentonga Delver began the quest for the Orb.
     0 | D:5      | Reached XP level 1. HP: 20/20 MP: 1/1
     0 | D:5      | Noticed Grinder
   111 | D:6      | Noticed an orc wizard
   111 | D:6      | Noticed an iguana
   123 | D:6      | Noticed a wight
   124 | D:6      | Noticed a wight
   125 | D:6      | Noticed a wight
   125 | D:6      | Noticed a wight
   127 | D:6      | Slain by a wight

Illustrated notes

Levels and vault maps discovered:
D:5:      layout_gridville, lemuel_round_altar, chequers_serial_rivers_micro_d,
          uniq_grinder, uniq_edmund
D:6:      layout_rooms, lemuel_round_altar, nicolae_overflow_hidden_temple,
          ebering_ghost_reflecting_pool, serial_aquarium,
          aquarium_bridge_long_separate [aquarium_subvault_window,
          aquarium_subvault_balcony, aquarium_subvault_bridge,
          aquarium_subvault_window, aquarium_subvault_balcony,
          aquarium_subvault_bridge], aquarium_bridge_square
          [aquarium_subvault_balcony, aquarium_subvault_window,
          aquarium_subvault_bridge, aquarium_subvault_bridge],
          aquarium_window_fake, aquarium_window_corridor_3,
          aquarium_window_fake, aquarium_window_fake, aquarium_view_2a,
          aquarium_balcony_1a, aquarium_pool_1, gup_ossuary_entry_pyramid,
          minivault_26

Action                   || total
-------------------------++-------
Melee: Hand axe          ||    10
       Tailslap          ||     1
 Abil: Rolling Charge    ||     1
Evoke: Wand              ||     1
  Use: Scroll            ||     1
 Stab: Sleeping          ||     1
Armor: Leather armour    ||     3
Dodge: Dodged            ||     3
